 Dungeon Crawl Stone Soup version 0.16-a0-670-g3b10be2 (webtiles) character file.

75506 PolkaDot the Black Belt (level 15, -5/122 HPs)
             Began as a Demonspawn Monk on Sept 19, 2014.
             Was a High Priest of Okawaru.
             Killed from afar by a lindwurm (35 damage)
             ... with a blast of flame
             ... on Level 8 of the Lair of Beasts.
             The game lasted 01:59:50 (24234 turns).

PolkaDot the Black Belt (Demonspawn Monk)          Turns: 24234, Time: 01:59:50

HP  -5/122       AC 13     Str 12      XL: 15   Next:  9%
MP  29/29        EV 30     Int 12      God: Okawaru [*****.]
Gold 1005        SH  0     Dex 26      Spells:  2 memorised,  9 levels left

rFire  . . .     SeeInvis .       - Unarmed
rCold  + . .     Rnd*Rage +     H - +0 leather armour {rPois} {god gift}
rNeg   . . .     rCorr    .     (no shield)
rPois  +         rRot     .     m - +2 hat
rElec  .         Spirit   .     y - +2 cloak {+Inv}
SustAb .         Warding  .     g - +2 pair of gloves
rMut   .         Stasis   .     (no boots)
Gourm  .                        d - amulet of faith
MR     +++..                    E - +4 ring of evasion
                                Q - +5 ring of dexterity

@: heroism, extremely resistant to hostile enchantments, stealthy
A: antennae 1, talons 1, molten scales 1, berserk 1, cold resistance 1, demonic
guardian 1, magic resistance 2, powered by death 3, screaming 1, spit poison 1
a: Spit Poison, Heroism, Finesse, Renounce Religion, Evoke Invisibility


You were on level 8 of the Lair of Beasts.
You worshipped Okawaru.
Okawaru was extremely pleased with you.
You were not hungry.

You visited 3 branches of the dungeon, and saw 23 of its levels.
You also visited: Labyrinth and Sewer.

You collected 1193 gold pieces.
You spent 188 gold pieces at shops.

Inventory:

Armour
 g - a +2 pair of gloves (worn)
 m - a +2 hat (worn)
 y - a +2 cloak of darkness (worn)
 H - a +0 leather armour of poison resistance (worn) {god gift}
 T - a +3 leather armour of fire resistance
Magical devices
 U - a wand of teleportation (5)
Comestibles
 b - 10 bread rations
 h - 2 rotting chunks of black mamba flesh
 j - 7 meat rations
 l - 3 rotting chunks of elephant flesh
 p - a chunk of komodo dragon flesh
 q - 3 rotting chunks of spiny frog flesh
 s - a chunk of water moccasin flesh
 t - 5 rotting chunks of hydra flesh
 u - 4 chunks of crocodile flesh
 z - 16 royal jellies
 B - 10 beef jerkies
 N - a rotting chunk of spiny frog flesh
 O - a rotting chunk of yak flesh
 P - 4 rotting chunks of lindwurm flesh
 V - 4 rotting chunks of komodo dragon flesh
Scrolls
 e - 2 scrolls of enchant weapon
 i - 4 scrolls of teleportation
 k - 3 scrolls of remove curse
 n - 5 scrolls of fog
 o - a scroll of immolation
 r - a scroll of fear
 C - 4 scrolls of recharging
 D - a scroll of identify
 X - a scroll of magic mapping
Jewellery
 c - an uncursed ring of see invisible
 d - an amulet of faith (around neck)
 f - an uncursed amulet of rage
 E - a +4 ring of evasion (right hand)
 J - an uncursed amulet of resist corrosion
 Q - a +5 ring of dexterity (left hand)
 Y - an uncursed ring of protection from cold
Potions
 v - 3 potions of brilliance
 A - 2 potions of magic
 G - a potion of porridge
 M - 2 potions of restore abilities
 W - a potion of cancellation
Books
 x - a book of the Dragon

   Spells                             Type                      Level
   *Flight                            Charms/Air                   3
   Cause Fear                         Hexes                        4
   Bolt of Fire                       Conjuration/Fire             6
   Dragon Form                        Transmutation                7
   Dragon's Call                      Summoning                    9
 R - a book of Summonings

   Spells                             Type                      Level
   Abjuration                         Summoning                    3
   Recall                             Summoning/Translocation      3
   Shadow Creatures                   Summoning                    5
   Summon Demon                       Summoning                    5
   Summon Forest                      Summoning/Translocation      5
   Monstrous Menagerie                Summoning                    6
 S - the Disquisition on Augmentations
   (You found it in a labyrinth)

   Spells                             Type                      Level
   *Song of Slaying                   Charms                       2
   Sure Blade                         Hexes/Charms                 2
   Regeneration                       Charms/Necromancy            3
   Ozocubu's Armour                   Charms/Ice                   3
   *Flight                            Charms/Air                   3
   Excruciating Wounds                Charms/Necromancy            5
   Deflect Missiles                   Charms/Air                   6
   Ring of Flames                     Charms/Fire                  7


   Skills:
 + Level 12.3(17.3) Fighting
 - Level 7.7(12.7) Dodging
 - Level 1.7(6.7) Stealth
 + Level 16.9(21.9) Unarmed Combat
 * Level 3.2 Charms
 - Level 8.1 Invocations
 - Level 12.0 Evocations


You had 9 spell levels left.
You knew the following spells:

 Your Spells              Type           Power        Failure   Level  Hunger
s - Song of Slaying       Chrm           #.......     14%         2    ###....
F - Flight                Chrm/Air       #.........   56%         3    ####...


Dungeon Overview and Level Annotations

Branches:
Dungeon (14/15)            Temple (1/1) D:7             Orc (0/4) D:10
   Lair (8/8) D:11          Swamp (0/5) Lair:6       Shoals (0/5) Lair:4
 Spider (0/5) Lair:5        Slime (0/6) Lair:6
 Vaults: D:13-14

Altars:
Ashenzari
Cheibriados
Dithmenos
Elyvilon
Fedhas
Gozag
Kikubaaqudgha
Makhleb
Nemelex Xobeh
Okawaru
Qazlal
Sif Muna
Trog
Vehumet
Xom
Yredelemnul
Zin
The Shining One

Shops:
D:4 :   D:7 [   D:10 *((

Portals:
Trove: D:10 (give wand of hasting (9))

Annotations:
D:12 Nessos


Innate Abilities, Weirdness & Mutations

You have sharp toenails.
You are partially covered in molten scales (AC +1).
A weak demonic guardian rushes to your aid.
You can steal the life force of all defeated enemies in sight.
You have a pair of small antennae on your head.
You tend to lose your temper in combat.
Your flesh is cold resistant.
You are highly resistant to hostile enchantments.
You occasionally shout uncontrollably at your foes.
You can spit poison.


Message History

The blast of flame hits you!
* * * LOW HITPOINT WARNING * * *
Drink which item? (? for menu, Esc to quit)
Okay, then.
Unknown command.
Read which item? (? for menu, Esc to quit)
As you read the scroll of fear, it crumbles to dust.
You assume a fearsome visage.
The black mamba looks frightened!
The four-headed hydra looks frightened!
The lindwurm looks frightened!
You feel less regenerative.
Some of the chunks of flesh in your inventory have rotted away.
Your song is almost over.
Eat one of 2 chunks of komodo dragon flesh? (ye/n/q/i?) This raw flesh tastes terrible.
You continue eating. x2
Your song has ended.
You start resting.
The lindwurm breathes flames at you. The blast of flame hits you!
You die...

# ### ####
..########.####..####
................5...#
###.........k..5..##
#.........#..%@..#
.###.....#..###...P##
........#...#.......#
..#.....P....P.....##
..........P../......#
.#.......PP.......###
.k#P...P.PP...#...###
.##....PPP...##....P#
. DP..PPPP..........#


You could see a lindwurm, a friendly crimson imp and a friendly white imp.

Vanquished Creatures
  Maud (Lair:4)
  Gastronok (D:11)
  A dire elephant (Lair:4)
  A minotaur (Lab)
  12 hydras
  Fannar (D:13)
  2 centaur warriors
  4 death yaks
  Nergalle (Lair:3)
  A catoblepas (Lair:6)
  2 unseen horrors
  Pikel (D:9)
  2 lindwurms
  5 hill giants
  A manticore (D:12)
  3 ugly things (D:11)
  An oklob plant (D:11)
  Maurice (D:9)
  16 spiny frogs
  A feature mimic (D:13)
  16 elephants
  A torpor snail (Lair:8)
  Psyche (D:9)
  10 black mambas
  8 komodo dragons
  A queen bee (Lair:3)
  3 fire drakes
  Grinder (D:3)
  The ghost of Foahim the Skirmisher, an average HOBe of Trog (D:4)
  5 trolls
  Prince Ribbit (Lair:1)
  36 blink frogs
  6 slime creatures
  3 basilisks
  45 yaks
  A hungry ghost (D:12)
  A deep elf mage (D:11)
  Eustachio (D:9)
  A wyvern (Lair:8)
  5 vampire mosquitoes
  12 hippogriffs
  A hill giant skeleton (D:9)
  Edmund (D:4)
  A soldier ant (D:13)
  13 water moccasins
  A spider (D:8)
  8 porcupines
  2 black bears
  2 yellow wasps
  11 ogres
  2 sky beasts
  6 phantoms
  6 ice beasts
  5 orc warriors
  4 boring beetles
  A necrophage (D:11)
  12 centaurs
  3 big kobolds
  10 crocodiles
  13 giant frogs
  7 scorpions
  2 troll zombies
  17 wights
  26 killer bees
  3 electric eels
  2 goliath beetles
  5 crimson imps
  A giant frog zombie (D:11)
  6 orc priests
  A giant frog skeleton (D:9)
  3 hounds
  A basilisk zombie (D:13)
  9 jellies
  10 orc wizards
  2 quasits
  6 iguanas
  10 worker ants
  16 sheep
  An ogre zombie (D:9)
  Ijyb (D:2)
  Jessica (D:2)
  A hound skeleton (D:4)
  A mummy (D:9)
  51 green rats
  3 gnolls (D:2)
  16 adders
  A white imp (Lair:3)
  3 giant mites
  A shadow imp (D:11)
  5 worms
  An adder skeleton (D:5)
  An iguana skeleton (D:4)
  5 giant geckos
  9 oozes
  36 orcs
  3 giant cockroaches
  20 hobgoblins
  9 jackals
  12 quokkas
  16 bats
  A giant gecko skeleton (D:5)
  A giant gecko zombie (D:5)
  5 giant newts
  3 giant spores
  16 goblins
  A hobgoblin zombie (D:8)
  28 kobolds
  2 kobold skeletons
  An orc skeleton (D:4)
  An orc zombie (D:9)
  13 rats
  3 ballistomycetes
  A bush (Lair:3)
  5 plants
724 creatures vanquished.

Vanquished Creatures (collateral kills)
  An elephant (Lair:5)
  An efreet (D:13)
  A slime creature (D:13)
  2 blink frogs (Lair:8)
  A wyvern (D:12)
  3 yaks
  4 centaurs
  An ogre (D:7)
  2 orcs (D:6)
16 creatures vanquished.

Vanquished Creatures (others)
  A death yak (Lair:6)
  A killer bee (D:9)
  3 slaves (D:9)
  24 quasits
  22 crimson imps
  25 iron imps
  A hound (D:9)
  31 white imps
  29 ufetubi
  A quokka (D:3)
  A ballistomycete (D:9)
  3 plants
  13 toadstools (Lair:4)
155 creatures vanquished.

Grand Total: 895 creatures vanquished

Notes
Turn   | Place    | Note
--------------------------------------------------------------
     0 | D:1      | PolkaDot, the Demonspawn Monk, began the quest for the Orb.
     0 | D:1      | Reached XP level 1. HP: 18/18 MP: 1/1
   200 | D:1      | Reached skill level 4 in Unarmed Combat
   200 | D:1      | Gained mutation: You can steal the life force of nearby defeated enemies. [demonic ancestry]
   200 | D:1      | Reached XP level 2. HP: 24/24 MP: 2/2
   665 | D:1      | Gained mutation: You have sharp toenails. [demonic ancestry]
   665 | D:1      | Reached XP level 3. HP: 29/29 MP: 3/3
  1435 | D:2      | Noticed Jessica
  1445 | D:2      | Gained mutation: You evolve. [potion of mutation]
  1445 | D:2      | Gained mutation: You can spit poison. [potion of mutation]
  1445 | D:2      | Gained mutation: You tend to lose your temper in combat. [potion of mutation]
  1448 | D:2      | Killed Jessica
  1448 | D:2      | Reached skill level 5 in Unarmed Combat
  1448 | D:2      | Reached XP level 4. HP: 35/35 MP: 4/4
  1504 | D:2      | Gained mutation: You have a pair of small antennae on your head. [evolution]
  1727 | D:2      | Noticed Ijyb
  1749 | D:2      | Killed Ijyb
  2170 | D:3      | Gained mutation: You are resistant to hostile enchantments. [evolution]
  2180 | D:3      | Gained mutation: You can steal the life force of defeated enemies. [demonic ancestry]
  2180 | D:3      | Reached XP level 5. HP: 41/41 MP: 5/5
  2243 | D:3      | Found a shattered altar of Ashenzari.
  2326 | D:3      | Found a stormy altar of Qazlal.
  2326 | D:3      | Noticed Grinder
  2340 | D:3      | Paralysed by Grinder for 4 turns
  2371 | D:3      | HP: 2/41 [Grinder/nerve-wracking pain (10)]
  2382 | D:3      | HP: 2/41 [Grinder/nerve-wracking pain (7)]
  2386 | D:3      | Found a white marble altar of Elyvilon.
  2488 | D:3      | Reached skill level 6 in Unarmed Combat
  2543 | D:3      | Found a glowing drain.
  2551 | Sewer    | Entered a sewer
  2773 | Sewer    | HP: 2/41 [crocodile (16)]
  2981 | D:3      | Reached XP level 6. HP: 41/47 MP: 6/6
  3016 | D:3      | Killed Grinder
  3016 | D:3      | Reached skill level 7 in Unarmed Combat
  3329 | D:3      | Reached XP level 7. HP: 48/52 MP: 7/7
  3450 | D:4      | Noticed Foahim's ghost (average HOBe)
  3472 | D:4      | Reached skill level 8 in Unarmed Combat
  3513 | D:4      | Killed Foahim's ghost
  3904 | D:4      | Reached skill level 9 in Unarmed Combat
  4354 | D:4      | Noticed Edmund
  4384 | D:4      | Killed Edmund
  4384 | D:4      | Gained mutation: A weak demonic guardian rushes to your aid. [demonic ancestry]
  4384 | D:4      | Reached XP level 8. HP: 49/58 MP: 8/8
  4680 | D:4      | Found Miapt's Book Emporium.
  4948 | D:4      | Reached skill level 10 in Unarmed Combat
  5152 | D:5      | Entered Level 5 of the Dungeon
  5283 | D:5      | Found a deep blue altar of Sif Muna.
  5692 | D:6      | Reached skill level 11 in Unarmed Combat
  5842 | D:6      | Reached XP level 9. HP: 63/63 MP: 9/9
  6751 | D:7      | Found a staircase to the Ecumenical Temple.
  6780 | Temple   | Entered the Ecumenical Temple
  7108 | Temple   | Became a worshipper of Warmaster Okawaru
  7108 | Temple   | Acquired Okawaru's first power
  7323 | D:7      | Reached skill level 12 in Unarmed Combat
  7490 | D:7      | Gained mutation: You occasionally shout uncontrollably at your foes. [evolution]
  7601 | D:7      | Found Inob Gad's Antique Armour Shop.
  7604 | D:7      | Bought an embroidered cloak for 130 gold pieces
  7604 | D:7      | Bought a dyed leather armour for 58 gold pieces
  7827 | D:7      | Reached skill level 1 in Invocations
  8476 | D:8      | Found an opulent altar of Gozag.
  8477 | D:8      | Found a glowing silver altar of Zin.
  8574 | D:8      | Reached XP level 10. HP: 66/70 MP: 14/17
  8884 | D:9      | Got a faintly humming scale mail
  8895 | D:9      | Identified the +3 scale mail "Qirrem" {Int+2 Stlth+} (You found it on level 9 of the Dungeon)
  8927 | D:9      | Reached skill level 13 in Unarmed Combat
  9158 | D:9      | Noticed Maurice
  9169 | D:9      | Killed Maurice
  9173 | D:9      | Reached skill level 5 in Invocations
  9231 | D:9      | Noticed Pikel
  9233 | D:9      | Noticed Eustachio
  9247 | D:9      | Killed Pikel
  9258 | D:9      | Killed Eustachio
  9328 | D:9      | Noticed Psyche
  9345 | D:9      | Killed Psyche
  9896 | D:10     | Entered Level 10 of the Dungeon
 10129 | D:10     | Gained mutation: Your flesh is cold resistant. [evolution]
 10129 | D:10     | Lost mutation: You evolve. [end of evolution]
 10173 | D:10     | Reached skill level 14 in Unarmed Combat
 10236 | D:10     | Found Akiriagi's General Store.
 10284 | D:10     | Noticed an unseen horror
 10325 | D:10     | Killed an unseen horror
 10342 | D:10     | Found Shyfayl's Antique Weapon Boutique.
 10475 | D:10     | Found Ybast's Antique Weapon Emporium.
 10800 | D:10     | Reached XP level 11. HP: 75/75 MP: 22/22
 10875 | D:10     | Found a staircase to the Orcish Mines.
 10930 | D:10     | Found a portal to a secret trove of treasure.
 10981 | D:10     | Noticed a hill giant
 10999 | D:10     | Killed a hill giant
 11314 | D:11     | Found a staircase to the Lair.
 11330 | D:11     | Reached skill level 1 in Evocations
 11407 | D:11     | Acquired Okawaru's second power
 11883 | D:11     | Noticed an unseen horror
 11912 | D:11     | Killed an unseen horror
 11912 | D:11     | Reached skill level 15 in Unarmed Combat
 11944 | D:11     | Noticed Gastronok
 12007 | D:11     | Killed Gastronok
 12099 | D:11     | Received a gift from Okawaru
 12459 | D:12     | Reached skill level 5 in Fighting
 12608 | D:12     | Reached skill level 5 in Evocations
 12627 | D:12     | Noticed Nessos
 12632 | D:12     | Noticed a hill giant
 12639 | D:12     | Noticed a hill giant
 12644 | D:12     | Killed a hill giant
 12650 | D:12     | Noticed a hill giant
 12651 | D:12     | Killed a hill giant
 12651 | D:12     | Gained mutation: You are partially covered in molten scales (AC +1). [demonic ancestry]
 12651 | D:12     | Reached XP level 12. HP: 61/88 MP: 24/24
 12657 | D:12     | Killed a hill giant
 12660 | D:12     | Noticed a centaur warrior
 12663 | D:12     | Noticed a tengu warrior
 12665 | D:12     | Noticed a hill giant
 12786 | D:12     | Killed a hill giant
 13176 | D:12     | Killed a centaur warrior
 13505 | D:13     | Noticed Fannar
 13517 | D:13     | Killed Fannar
 13538 | D:13     | Noticed a seven-headed hydra
 13550 | D:13     | Killed a seven-headed hydra
 13822 | D:13     | Noticed a four-headed hydra
 13833 | D:13     | Killed a four-headed hydra
 13839 | D:13     | Noticed a centaur warrior
 13846 | D:13     | Killed a centaur warrior
 14034 | D:13     | Got a smoking trident
 14035 | D:13     | Identified the +0 trident of the Blind Eye {elec, +Rage Dex+2} (You found it on level 13 of the Dungeon)
 14971 | D:14     | Noticed a fire dragon
 15138 | D:12     | Noticed a five-headed hydra
 15235 | Lair:1   | Entered Level 1 of the Lair of Beasts
 15294 | Lair:1   | Found an ancient bone altar of Kikubaaqudgha.
 15559 | Lair:1   | Noticed Prince Ribbit
 15565 | Lair:1   | Killed Prince Ribbit
 15622 | Lair:1   | Reached XP level 13. HP: 92/103 MP: 25/25
 15712 | Lair:1   | HP: 5/103 [black mamba (17)]
 15716 | Lair:1   | Reached skill level 10 in Fighting
 17137 | Lair:3   | Found a labyrinth entrance.
 17165 | Lab      | Entered a labyrinth
 17235 | Lab      | Got an ancient dagger
 17239 | Lab      | Identified the cursed +3 dagger of Responsibility {freeze, *Tele rElec MR+} (You took it off a minotaur in a labyrinth)
 17254 | Lab      | Identified the Disquisition on Augmentations
 17281 | Lab      | Identified Vocoej's Disquisition on the Mutagenic Mountains
 17340 | Lair:3   | Was placed under penance by Okawaru
 17798 | Lair:3   | Reached skill level 16 in Unarmed Combat
 17835 | Lair:3   | Was forgiven by Okawaru
 17956 | Lair:3   | Noticed Nergalle
 17971 | Lair:3   | Killed Nergalle
 18044 | Lair:3   | Reached skill level 5 in Dodging
 18456 | Lair:4   | Found a staircase to the Shoals.
 18916 | Lair:4   | Noticed Maud
 18935 | Lair:4   | Killed Maud
 19540 | Lair:4   | Noticed a dire elephant
 19551 | Lair:4   | Killed a dire elephant
 19702 | Lair:4   | Learned a level 2 spell: Song of Slaying
 19920 | Lair:5   | Gained mutation: You can steal the life force of all defeated enemies in sight. [demonic ancestry]
 19920 | Lair:5   | Reached XP level 14. HP: 101/113 MP: 27/27
 19991 | Lair:5   | Found a hole to the Spider Nest.
 20332 | Lair:5   | Received a gift from Okawaru
 21297 | Lair:6   | Reached skill level 10 in Evocations
 21416 | Lair:6   | Found a staircase to the Slime Pits.
 21551 | Lair:6   | Found a staircase to the Swamp.
 21566 | Lair:6   | Gained mutation: You are highly resistant to hostile enchantments. [potion of beneficial mutation]
 21869 | Lair:6   | Received a gift from Okawaru
 22111 | Lair:7   | Learned a level 3 spell: Flight
 22301 | Lair:7   | Found a blossoming altar of Fedhas.
 23084 | Lair:8   | Entered Level 8 of the Lair of Beasts
 23246 | Lair:8   | Received a gift from Okawaru
 23602 | Lair:8   | Received a gift from Okawaru
 23821 | Lair:8   | Reached skill level 1 in Charms
 23832 | Lair:8   | Reached XP level 15. HP: 121/121 MP: 22/29
 24234 | Lair:8   | Killed from afar by a lindwurm

Action                   |  1- 3 |  4- 6 |  7- 9 | 10-12 | 13-15 || total
-------------------------+-------+-------+-------+-------+-------++-------
Melee: Unarmed           |   136 |   127 |   442 |   761 |  1043 ||  2509
Throw: Throwing net      |       |     1 |       |       |       ||     1
 Cast: Song of Slaying   |       |       |       |       |     1 ||     1
Invok: Heroism           |       |       |     2 |    18 |    20 ||    40
       Finesse           |       |       |       |       |     2 ||     2
 Abil: Evoke Berserk Rag |       |       |       |     6 |     5 ||    11
       Evoke Invisibilit |       |       |       |     1 |     3 ||     4
Evoke: Wand              |       |       |     1 |     5 |     9 ||    15
  Use: Potion            |     4 |     2 |     2 |    10 |    11 ||    29
       Scroll            |       |    10 |     6 |    12 |    12 ||    40
 Stab: Sleeping          |     6 |       |     6 |     4 |    11 ||    27
       Invisible         |       |     1 |       |     2 |    22 ||    25
       Distracted        |       |       |       |     7 |    13 ||    20
       Paralysed         |       |       |       |     4 |       ||     4
  Eat: Chunk             |     2 |     3 |    16 |    35 |    45 ||   101
       Bread ration      |       |     1 |     1 |     1 |       ||     3
       Fruit             |       |       |       |     2 |       ||     2
